[Event "2024 Perth Chess Club Championship (Closed)"]
[Site "Woodvale, Perth WA AUS"]
[Date "2024.05.08"]
[Round "5"]
[White "Saxon, Marc"]
[Black "Gibson, Jacob"]
[Result "0-1"]
[ECO "C78"]
[WhiteElo "2033"]
[BlackElo "1976"]
[PlyCount "116"]
[EventDate "2024.04.10"]
[EventType "tourn"]
[EventRounds "7"]
[EventCountry "AUS"]
[TimeControl "5400+30"]

1. e4 e5 2. Nf3 Nc6 3. Bb5 a6 4. Ba4 Nf6 5. O-O b5 6. Bb3 Bb7 7. d3 Bc5 8. Bg5
h6 9. Bh4 g5 10. Bg3 d6 11. c3 Bb6 12. Na3 Na5 13. Nc2 Nxb3 14. axb3 Nh5 15.
Qd2 Nxg3 16. hxg3 Qf6 17. Ne3 h5 18. Nf5 h4 19. gxh4 gxh4 20. Qg5 Qxg5 21. Nxg5
f6 22. Nf3 h3 23. g3 d5 24. Rae1 dxe4 25. dxe4 O-O-O 26. Re2 Rd3 27. N3h4 Rhd8
28. Rfe1 Rd2 29. Nf3 R2d3 30. N3h4 Rd1 31. Nf3 Rxe1+ 32. Rxe1 Rd3 33. N5h4 f5
34. Nxe5 Rd2 35. Rf1 Bxe4 36. Kh2 Rxb2 37. Kxh3 Bxf2 38. Nhf3 Bb6 39. Kh4 Rxb3
40. Nd2 Rxc3 41. Nxe4 fxe4 42. Rf8+ Kb7 43. Re8 Bf2 44. Ng4 Bxg3+ 45. Kg5 Rc5+
46. Kf6 Bh4+ 47. Ke6 a5 48. Ne5 e3 49. Nd7 Rc6+ 50. Kf5 Bf2 51. Re5 Kc8 52. Nf6
Rb6 53. Nd5 Rd6 54. Re8+ Kb7 55. Nc3 c6 56. Ke5 Rd7 57. Ne4 e2 58. Nc5+ Bxc5
0-1

[Event "2024 Perth Chess Club Championship (Closed)"]
[Site "Woodvale, Perth WA AUS"]
[Date "2024.05.08"]
[Round "5"]
[White "Spirin, Victor"]
[Black "Maris, Rob"]
[Result "1-0"]
[ECO "E16"]
[WhiteElo "2204"]
[BlackElo "2088"]
[PlyCount "61"]
[EventDate "2024.04.10"]
[EventType "tourn"]
[EventRounds "7"]
[EventCountry "AUS"]
[TimeControl "5400+30"]

1. d4 Nf6 2. c4 e6 3. Nf3 b6 4. g3 Bb7 5. Bg2 Bb4+ 6. Bd2 Be7 7. Nc3 d6 8. Qc2
Nbd7 9. O-O c5 10. d5 exd5 11. Nh4 g6 12. cxd5 a6 13. a4 Qc7 14. e4 Nh5 15. Nf3
h6 16. Nd1 Bf6 17. Ne3 a5 18. Nc4 Ba6 19. Ra2 O-O-O 20. Rc1 Bxc4 21. Qxc4 Bg5
22. Bxg5 hxg5 23. Nxg5 Rhf8 24. b4 axb4 25. a5 Kb7 26. Qb5 Ra8 27. Rca1 Ng7 28.
Bh3 f5 29. Ne6 Nxe6 30. dxe6 Ne5 31. e7 1-0

[Event "2024 Perth Chess Club Championship (Reserves)"]
[Site "Woodvale, Perth WA AUS"]
[Date "2024.05.08"]
[Round "5"]
[White "Deng, Eric"]
[Black "Weijermars, Tristan"]
[Result "1-0"]
[ECO "B34"]
[WhiteElo "1733"]
[BlackElo "1514"]
[PlyCount "55"]
[EventDate "2024.04.10"]
[EventType "swiss"]
[EventRounds "7"]
[EventCountry "AUS"]
[TimeControl "3600+30"]

1. Nf3 c5 2. e4 Nc6 3. d4 cxd4 4. Nxd4 g6 5. Nc3 Bg7 6. Be3 e6 7. Ndb5 Nge7 8.
Nd6+ Kf8 9. f4 Qa5 10. e5 Nf5 11. Nxf5 gxf5 12. Qd6+ Ke8 13. O-O-O Bf8 14. Qd2
Bb4 15. Bc4 a6 16. a3 Bxc3 17. Qxc3 Qxc3 18. bxc3 b5 19. Bb3 Bb7 20. Rd6 Na5
21. Rhd1 Nxb3+ 22. cxb3 Bd5 23. Kb2 Bxg2 24. Rxd7 Bd5 25. Rc7 Rg8 26. Rd2 Rg2
27. Rxg2 Bxg2 28. Bc5 1-0

[Event "2024 Perth Chess Club Championship (Reserves)"]
[Site "Woodvale, Perth WA AUS"]
[Date "2024.05.08"]
[Round "5"]
[White "Gough, Dylan"]
[Black "Knight, Charles"]
[Result "1/2-1/2"]
[ECO "E61"]
[WhiteElo "1784"]
[BlackElo "1474"]
[PlyCount "93"]
[EventDate "2024.04.10"]
[EventType "swiss"]
[EventRounds "7"]
[EventCountry "AUS"]
[TimeControl "3600+30"]

1. d4 Nf6 2. c4 g6 3. Nc3 Bg7 4. Bf4 O-O 5. Nf3 d6 6. h3 Na6 7. a3 c6 8. e4 Nh5
9. Be3 e5 10. Qd2 Re8 11. Be2 Nc7 12. Rd1 Qe7 13. d5 cxd5 14. Nxd5 Nxd5 15.
Qxd5 Nf4 16. Bxf4 exf4 17. b3 Bc3+ 18. Kf1 Rd8 19. Qd3 Bg7 20. Nd4 Qe5 21. Nb5
Qb2 22. Qb1 Qxb1 23. Rxb1 Be6 24. Rd1 Be5 25. Bf3 a6 26. Nc7 Bxc4+ 27. bxc4
Rac8 28. Nd5 Rxc4 29. Ke2 Ra4 30. Rd3 Kg7 31. Nb6 Rd4 32. Rhd1 Rxd3 33. Rxd3 h5
34. Rb3 Bd4 35. g4 fxg3 36. fxg3 Be5 37. g4 Kh6 38. gxh5 gxh5 39. Nc4 b5 40.
Ne3 Kg5 41. Nf5 Rc8 42. Rd3 Rc2+ 43. Kf1 Ra2 44. h4+ Kf4 45. Bg2 Ra1+ 46. Ke2
Ra2+ 47. Kf1 1/2-1/2

[Event "2024 Perth Chess Club Championship (Reserves)"]
[Site "Woodvale, Perth WA AUS"]
[Date "2024.05.08"]
[Round "5"]
[White "Akers, Gerard"]
[Black "Browning, Thomas"]
[Result "1-0"]
[ECO "B51"]
[WhiteElo "1642"]
[BlackElo "1644"]
[PlyCount "37"]
[EventDate "2024.04.10"]
[EventType "swiss"]
[EventRounds "7"]
[EventCountry "AUS"]
[TimeControl "3600+30"]

1. e4 c5 2. Nf3 Nc6 3. Bb5 d6 4. Bxc6+ bxc6 5. h3 Ba6 6. d3 e6 7. O-O g6 8. Re1
Bg7 9. c3 Ne7 10. d4 cxd4 11. cxd4 O-O 12. Nc3 Rc8 13. Qa4 f5 14. Qxa6 fxe4 15.
Nxe4 Nd5 16. Neg5 e5 17. Ne6 Qf6 18. Nxf8 Rxf8 19. Qxc6 1-0

[Event "2024 Perth Chess Club Championship (Reserves)"]
[Site "Woodvale, Perth WA AUS"]
[Date "2024.05.08"]
[Round "5"]
[White "Oswald, Franz"]
[Black "Sethuraman, Jaswanth Ram"]
[Result "0-1"]
[ECO "E52"]
[WhiteElo "1692"]
[BlackElo "1557"]
[PlyCount "194"]
[EventDate "2024.04.10"]
[EventType "swiss"]
[EventRounds "7"]
[EventCountry "AUS"]
[TimeControl "3600+30"]

1. d4 d5 2. c4 e6 3. Nc3 Bb4 4. e3 Nf6 5. Bd3 O-O 6. Nf3 b6 7. cxd5 exd5 8. O-O
Bb7 9. Qc2 h6 10. a3 Bxc3 11. bxc3 Re8 12. a4 Nbd7 13. a5 bxa5 14. Rxa5 c5 15.
Ra3 c4 16. Bf5 Nb6 17. Bd2 Qd6 18. Rfa1 a6 19. Ne5 Nbd7 20. Nxd7 Nxd7 21. Qb2
Bc8 22. Bxd7 Bxd7 23. Ra5 Qg6 24. Qb1 Bf5 25. Qf1 Bd3 26. Qd1 Red8 27. Qf3 Be4
28. Qg3 Qc6 29. f3 Bd3 30. Rc5 Qb6 31. Qe1 Rd6 32. Bc1 Qb7 33. Ba3 Rg6 34. Ra5
Qc6 35. Be7 Qe6 36. Bh4 Qf5 37. Bg3 Qe6 38. Qd2 Qc6 39. Rc5 Qe6 40. Rca5 Qd7
41. Re1 Re6 42. Qa2 Qe7 43. Bf2 Qb7 44. Rc5 Rb6 45. Qa5 Rd6 46. Bg3 Rd7 47. Rc7
Rxc7 48. Bxc7 Rc8 49. Bg3 Qc6 50. Ra1 Ra8 51. Qc5 Qe6 52. Re1 Re8 53. Qd6 Qxd6
54. Bxd6 Re6 55. Bg3 f5 56. Be5 Rb6 57. Bc7 Rb7 58. Ba5 Kf7 59. Bb4 Ke6 60. Ra1
Ra7 61. Ra5 h5 62. h4 g6 63. Kh2 Be2 64. Kg3 Bf1 65. Kf2 Bd3 66. Rc5 Bc2 67.
Kg3 Bd3 68. Rc6+ Kf7 69. Rc5 Ke6 70. Kf4 Bf1 71. Rc6+ Kf7 72. Rc5 Ke6 73. g3
Bg2 74. g4 fxg4 75. fxg4 Be4 76. Rc6+ Kf7 77. Ba5 Ra8 78. g5 Kg8 79. Rf6 Rf8
80. Rxf8+ Kxf8 81. Ke5 Ke7 82. Kf4 Kd6 83. Kg3 Kc6 84. Kf2 Kb5 85. Bd8 a5 86.
Ke2 a4 87. Be7 Kc6 88. Kd2 Kd7 89. Bf8 Ke6 90. Kc1 Kf5 91. Kb2 Kg4 92. Ka3 Kxh4
93. Be7 Kg4 94. Kxa4 Kf3 95. Bd6 Kxe3 96. Ka3 h4 97. Kb2 h3 0-1

[Event "2024 Perth Chess Club Championship (Reserves)"]
[Site "Woodvale, Perth WA AUS"]
[Date "2024.05.08"]
[Round "5"]
[White "Otis, Max"]
[Black "Kerr, Lennon"]
[Result "1-0"]
[ECO "C02"]
[WhiteElo "1348"]
[BlackElo "1712"]
[PlyCount "39"]
[EventDate "2024.04.10"]
[EventType "swiss"]
[EventRounds "7"]
[EventCountry "AUS"]
[TimeControl "3600+30"]

1. e4 e6 2. d4 d5 3. e5 c5 4. c3 Nc6 5. Nf3 Qb6 6. Na3 cxd4 7. cxd4 Bb4+ 8. Bd2
Bxa3 9. bxa3 Nxd4 10. Qa4+ Nc6 11. Bd3 Nge7 12. Rb1 Qc7 13. O-O Bd7 14. Qg4 Ng6
15. Rfc1 O-O 16. h4 Ngxe5 17. Bxh7+ Kh8 18. Qh5 Nxf3+ 19. gxf3 Ne5 20. Bf5+ 1-0

[Event "2024 Perth Chess Club Championship (Reserves)"]
[Site "Woodvale, Perth WA AUS"]
[Date "2024.05.08"]
[Round "5"]
[White "Roebuck, Derek"]
[Black "Walker, Colin"]
[Result "1-0"]
[ECO "C01"]
[WhiteElo "1781"]
[BlackElo "1429"]
[PlyCount "39"]
[EventDate "2024.04.10"]
[EventType "swiss"]
[EventRounds "7"]
[EventCountry "AUS"]
[TimeControl "3600+30"]

1. e4 d6 2. d4 e6 3. Nf3 c5 4. dxc5 Qa5+ 5. Nc3 dxc5 6. Bd2 Qd8 7. Bd3 h6 8.
Qe2 a6 9. a4 Nc6 10. O-O Be7 11. e5 Nd4 12. Nxd4 cxd4 13. Ne4 h5 14. c3 dxc3
15. Bxc3 g6 16. Rfd1 Qb6 17. Nd6+ Kf8 18. Qf3 f6 19. Nxc8 Rxc8 20. exf6 1-0

[Event "2024 Perth Chess Club Championship (Reserves)"]
[Site "Woodvale, Perth WA AUS"]
[Date "2024.05.08"]
[Round "5"]
[White "Leech, Martin"]
[Black "Leonhardt, Wolfgang"]
[Result "0-1"]
[ECO "B75"]
[WhiteElo "1546"]
[BlackElo "1767"]
[PlyCount "108"]
[EventDate "2024.04.10"]
[EventType "swiss"]
[EventRounds "7"]
[EventCountry "AUS"]
[TimeControl "3600+30"]

1. e4 c5 2. Nf3 Nc6 3. d4 cxd4 4. Nxd4 d6 5. Bc4 g6 6. Nc3 Bg7 7. Be3 Nf6 8. f3
a6 9. Qd2 h5 10. O-O-O O-O 11. Bh6 Na5 12. Be2 b5 13. Bxg7 Kxg7 14. Rdg1 Nc4
15. Qe1 e5 16. Nb3 Rh8 17. h4 Qb6 18. g4 hxg4 19. fxg4 Qe3+ 20. Kb1 Bb7 21. Rg3
Qb6 22. Bd3 Rae8 23. g5 Nh5 24. Rf3 Nf4 25. Ne2 Nh5 26. Rhf1 Re7 27. Ng3 Nxg3
28. Qxg3 a5 29. Qh2 a4 30. Nd2 Nxd2+ 31. Qxd2 Rxh4 32. Qe2 b4 33. Qe1 Rh5 34.
Rg3 a3 35. b3 Qd4 36. Qc1 Rh4 37. Rfg1 Rc7 38. R1g2 Rc3 39. Rg1 Rc8 40. R1g2
Rch8 41. Rg1 Rh2 42. Rd1 Qc3 43. Rf3 Rg2 44. Be2 Qc5 45. Bd3 Rhh2 46. Rdf1 f5
47. gxf6+ Kf7 48. Bc4+ d5 49. exd5 Bxd5 50. Bxd5+ Qxd5 51. Rd3 Qc6 52. Rfd1
Qxc2+ 53. Qxc2 Rxc2 54. Rd7+ Kxf6 0-1

[Event "2024 Perth Chess Club Championship (Reserves)"]
[Site "Woodvale, Perth WA AUS"]
[Date "2024.05.08"]
[Round "5"]
[White "Bhatia, Abhay"]
[Black "Nauom, Rafik"]
[Result "1-0"]
[ECO "B07"]
[WhiteElo "1729"]
[BlackElo "1444"]
[PlyCount "51"]
[EventDate "2024.04.10"]
[EventType "swiss"]
[EventRounds "7"]
[EventCountry "AUS"]
[TimeControl "3600+30"]

1. e4 d6 2. d4 Nf6 3. Bd3 e5 4. d5 g6 5. Bg5 Bg7 6. h4 Nbd7 7. h5 h6 8. Bxf6
Nxf6 9. hxg6 fxg6 10. Qd2 Bg4 11. f3 Bd7 12. Nc3 Nh5 13. Nge2 Qf6 14. Rf1 Qh4+
15. Rf2 Qh1+ 16. Rf1 Qh4+ 17. Rf2 Qh1+ 18. Rf1 Qxg2 19. O-O-O Qg5 20. f4 exf4
21. Rg1 Qf6 22. e5 Qxe5 23. Bxg6+ Ke7 24. Bxh5 Bf6 25. Kb1 Qxh5 26. Nxf4 1-0

[Event "2024 Perth Chess Club Championship (Reserves)"]
[Site "Woodvale, Perth WA AUS"]
[Date "2024.05.08"]
[Round "5"]
[White "Boswarva, Ernest"]
[Black "Garang, Kuol Awan"]
[Result "0-1"]
[ECO "A40"]
[WhiteElo "1497"]
[BlackElo "1634"]
[PlyCount "78"]
[EventDate "2024.04.10"]
[EventType "swiss"]
[EventRounds "7"]
[EventCountry "AUS"]
[TimeControl "3600+30"]

1. d4 e5 2. dxe5 Nc6 3. Nf3 Bc5 4. Bg5 Nge7 5. e4 O-O 6. Bc4 Qe8 7. O-O Ng6 8.
Qd5 Bb6 9. Nc3 Ncxe5 10. Nxe5 Nxe5 11. Be2 d6 12. Rad1 Rb8 13. h3 Be6 14. Qd2
f6 15. Be3 Qg6 16. Kh1 Bxe3 17. Qxe3 b6 18. Nd5 Qf7 19. f4 Nc6 20. f5 Bxd5 21.
exd5 Rfe8 22. Qd2 Ne5 23. Rf4 Re7 24. Rh4 Rbe8 25. Bh5 g6 26. Qh6 gxh5 27. Rxh5
Qg7 28. Qf4 Kh8 29. g4 Rg8 30. Rg1 Nf7 31. h4 Re5 32. g5 Rxd5 33. g6 h6 34. Re1
Re5 35. Rf1 Re2 36. Qc1 Rge8 37. Rg1 R8e3 38. Qxe3 Rxe3 39. gxf7 Rh3# 0-1

[Event "2024 Perth Chess Club Championship (Reserves)"]
[Site "Woodvale, Perth WA AUS"]
[Date "2024.05.08"]
[Round "5"]
[White "May, Wendy"]
[Black "Kerr, Carter"]
[Result "0-1"]
[ECO "C45"]
[WhiteElo "898"]
[BlackElo "1875"]
[PlyCount "24"]
[EventDate "2024.04.10"]
[EventType "swiss"]
[EventRounds "7"]
[EventCountry "AUS"]
[TimeControl "3600+30"]

1. e4 e5 2. Nf3 Nc6 3. d4 exd4 4. Nxd4 Bc5 5. Nxc6 Qf6 6. f3 dxc6 7. Nd2 Bg4 8.
Be2 Qd4 9. Rf1 Bh5 10. g4 Qf6 11. gxh5 Qh4+ 12. Rf2 Qxf2# 0-1

[Event "2024 Perth Chess Club Championship (Reserves)"]
[Site "Woodvale, Perth WA AUS"]
[Date "2024.05.08"]
[Round "5"]
[White "Powell, Darren"]
[Black "Michael, Ashley"]
[Result "0-1"]
[ECO "C55"]
[WhiteElo "1303"]
[BlackElo "1559"]
[PlyCount "60"]
[EventDate "2024.04.10"]
[EventType "swiss"]
[EventRounds "7"]
[EventCountry "AUS"]
[TimeControl "3600+30"]

1. e4 Nf6 2. Nc3 e5 3. Nf3 Nc6 4. Bc4 Bc5 5. h3 a6 6. d3 b5 7. Bb3 h6 8. a3 d6
9. Bd2 O-O 10. O-O Bb7 11. Qc1 Kh7 12. Nh4 Nxe4 13. Nxe4 Nd4 14. Qd1 Qxh4 15.
c3 Nxb3 16. Qxb3 Bxe4 17. dxe4 Qxe4 18. Rae1 Qh4 19. Qd5 f5 20. b4 Bb6 21. Re2
Rae8 22. Rc1 e4 23. Be3 Re5 24. Qd2 Bxe3 25. Qxe3 f4 26. Qa7 f3 27. Re3 fxg2
28. Rg3 e3 29. Rc2 exf2+ 30. Rxf2 Qxg3 0-1

[Event "2024 Perth Chess Club Championship (Reserves)"]
[Site "Woodvale, Perth WA AUS"]
[Date "2024.05.08"]
[Round "5"]
[White "Owen, Geoffrey"]
[Black "Brooke, John"]
[Result "0-1"]
[ECO "C41"]
[WhiteElo "1104"]
[BlackElo "1397"]
[PlyCount "58"]
[EventDate "2024.04.10"]
[EventType "swiss"]
[EventRounds "7"]
[EventCountry "AUS"]
[TimeControl "3600+30"]

1. e4 e5 2. d4 Qe7 3. Nf3 d6 4. Bc4 Be6 5. d5 Bg4 6. h3 Bh5 7. Nc3 a6 8. a4 Nd7
9. b4 c5 10. dxc6 bxc6 11. Nd5 cxd5 12. Qxd5 Nb6 13. Qc6+ Qd7 14. Qxb6 Qc8 15.
Ng5 Qxc4 16. g4 Qc3+ 17. Kd1 Bg6 18. Re1 h6 19. Re3 Qd4+ 20. Qxd4 exd4 21. Re2
hxg5 22. Bxg5 Rxh3 23. Re1 Be7 24. Bxe7 Nxe7 25. e5 d5 26. e6 f6 27. Kd2 Rc8
28. Rh1 Rxc2+ 29. Kd1 Rxh1# 0-1

[Event "2024 Perth Chess Club Championship (Reserves)"]
[Site "Woodvale, Perth WA AUS"]
[Date "2024.05.08"]
[Round "5"]
[White "Gough, Sebastian"]
[Black "Markou, Victor"]
[Result "1-0"]
[ECO "D00"]
[WhiteElo "1206"]
[BlackElo "1003"]
[PlyCount "41"]
[EventDate "2024.04.10"]
[EventType "swiss"]
[EventRounds "7"]
[EventCountry "AUS"]
[TimeControl "3600+30"]

1. d4 d5 2. e3 Nf6 3. Bd3 g6 4. Nd2 Bg7 5. f4 O-O 6. Ngf3 Re8 7. O-O Nbd7 8. c3
c5 9. Ne5 c4 10. Bc2 Nxe5 11. fxe5 Ng4 12. Qf3 Nh6 13. h3 Nf5 14. e4 Nh4 15.
Qf4 e6 16. g3 g5 17. Qxf7+ Kh8 18. gxh4 Rf8 19. Qh5 Bd7 20. exd5 exd5 21. Qxh7#
1-0

[Event "2024 Perth Chess Club Championship (Closed)"]
[Site "Woodvale, Perth WA AUS"]
[Date "2024.05.15"]
[Round "6"]
[White "Elkington, Derek"]
[Black "Maris, Rob"]
[Result "1/2-1/2"]
[ECO "B56"]
[WhiteElo "1896"]
[BlackElo "2088"]
[PlyCount "90"]
[EventDate "2024.04.10"]
[EventType "tourn"]
[EventRounds "7"]
[EventCountry "AUS"]
[TimeControl "5400+30"]

1. e4 c5 2. Nf3 Nc6 3. d4 cxd4 4. Nxd4 Nf6 5. Nc3 d6 6. f3 Nxd4 7. Qxd4 g6 8.
Nd5 Bg7 9. Bg5 Nh5 10. Qa4+ Bd7 11. Bb5 f6 12. Be3 f5 13. Bxd7+ Qxd7 14. Nc7+
Kd8 15. Qxd7+ Kxd7 16. Nxa8 Rxa8 17. O-O-O fxe4 18. fxe4 a6 19. Rhe1 Rf8 20.
Kb1 Ke6 21. g3 Rf3 22. Bb6 Nf6 23. Rd3 Rxd3 24. cxd3 Ng4 25. Re2 Ne5 26. Kc2
Nc6 27. Rd2 Bh6 28. Rd1 Ke5 29. a3 Bg5 30. h4 Bf6 31. Rh1 h5 32. Re1 d5 33.
Bc7+ Ke6 34. Bb6 Be5 35. Re3 dxe4 36. dxe4 Bd6 37. b4 Ne5 38. Bd4 Ng4 39. Rc3
Kd7 40. Bc5 Be5 {(=)} 41. Rd3+ Ke6 42. Kb3 Nf6 43. Re3 Ng4 44. Rf3 Nf6 45. Re3
Ng4 1/2-1/2

[Event "2024 Perth Chess Club Championship (Closed)"]
[Site "Woodvale, Perth WA AUS"]
[Date "2024.05.15"]
[Round "6"]
[White "Gibson, Jacob"]
[Black "Spirin, Victor"]
[Result "0-1"]
[ECO "C42"]
[WhiteElo "1976"]
[BlackElo "2204"]
[PlyCount "52"]
[EventDate "2024.04.10"]
[EventType "tourn"]
[EventRounds "7"]
[EventCountry "AUS"]
[TimeControl "5400+30"]

1. e4 e5 2. Nf3 Nf6 3. Nxe5 d6 4. Nf3 Nxe4 5. d4 d5 6. Bd3 Be7 7. c4 Nc6 8. O-O
Nb4 9. cxd5 Nxd3 10. Qxd3 Qxd5 11. Nc3 Nxc3 12. bxc3 O-O 13. c4 Qf5 14. Qb3 b6
15. Ba3 c5 16. d5 Bd6 17. Bb2 Qh5 18. Rae1 f6 19. Re3 Bd7 20. Rfe1 Rae8 21. g3
Rxe3 22. Rxe3 Bh3 23. Qd3 Re8 24. Qe2 Rxe3 25. Qxe3 h6 26. Nh4 Qd1+ 0-1

[Event "2024 Perth Chess Club Championship (Closed)"]
[Site "Woodvale, Perth WA AUS"]
[Date "2024.05.15"]
[Round "6"]
[White "Plaganyi, Gyula"]
[Black "Saxon, Marc"]
[Result "0-1"]
[ECO "D94"]
[WhiteElo "2053"]
[WhiteTitle "CM"]
[BlackElo "2033"]
[PlyCount "186"]
[EventDate "2024.04.10"]
[EventType "tourn"]
[EventRounds "7"]
[EventCountry "AUS"]
[TimeControl "5400+30"]

1. d4 Nf6 2. Nf3 g6 3. c4 Bg7 4. Nc3 d5 5. cxd5 Nxd5 6. e3 Nxc3 7. bxc3 O-O 8.
Bc4 c5 9. O-O Qc7 10. Qe2 Bg4 11. Bd2 Nc6 12. h3 Bxf3 13. gxf3 Rad8 14. f4 cxd4
15. cxd4 Bxd4 16. Rac1 Bb6 17. Rc2 Qd7 18. Kg2 Qf5 19. Bc3 Rd6 20. Rb1 Rfd8 21.
Rcb2 Na5 22. Bb5 g5 23. Qg4 Qd5+ 24. Qf3 gxf4 25. Qxd5 Rxd5 26. exf4 Rc5 27.
Be1 Nc4 28. Bxc4 Rxc4 29. Rb4 Rc2 30. R4b2 Rdc8 31. a4 Rxb2 32. Rxb2 Rc7 33. a5
Bd4 34. Rb4 Bc5 35. Re4 Kg7 36. Bc3+ Kg6 37. Re5 f6 38. f5+ Kf7 39. Re2 Bxf2
40. Bxf6 Kxf6 41. Rxf2 Rc5 42. Rb2 Rxf5 43. Rxb7 Rxa5 44. Rb4 h5 45. Kg3 Kg5
46. h4+ Kf5 47. Rf4+ Ke5 48. Rf7 e6 49. Rh7 Ke4 50. Rf7 a6 51. Re7 Ra3+ 52. Kg2
Kf5 53. Rh7 Kg4 54. Re7 Ra2+ 55. Kf1 Kf5 56. Rh7 Kg6 57. Re7 Kf6 58. Rh7 Ra5
59. Kf2 Kg6 60. Re7 e5 61. Re6+ Kf5 62. Rc6 Kf4 63. Rc4+ e4 64. Rc6 Ra2+ 65.
Kf1 Ra4 66. Rg6 Kf3 67. Ke1 e3 68. Rf6+ Kg3 69. Ke2 Ra3 70. Rg6+ Kxh4 71. Kf3
a5 72. Rg1 a4 73. Kf4 e2 74. Re1 Rg3 75. Rxe2 Rg4+ 76. Kf3 Kg5 77. Re5+ Kg6 78.
Ra5 Rb4 79. Ra6+ Kf7 80. Kg3 h4+ 81. Kh3 Ke7 82. Rg6 Kd7 83. Rf6 Kc7 84. Re6
Kb7 85. Rf6 a3 86. Rf7+ Kb6 87. Rf8 Kb5 88. Ra8 Ra4 89. Rb8+ Ka5 90. Rb1 a2 91.
Ra1 Kb4 92. Kxh4 Kb3+ 93. Kg3 Kb2 0-1

[Event "2024 Perth Chess Club Championship (Closed)"]
[Site "Woodvale, Perth WA AUS"]
[Date "2024.05.15"]
[Round "6"]
[White "Wolstencroft, Alan"]
[Black "Clarke, Daniel"]
[Result "0-1"]
[ECO "C79"]
[WhiteElo "1900"]
[BlackElo "1922"]
[PlyCount "124"]
[EventDate "2024.04.10"]
[EventType "tourn"]
[EventRounds "7"]
[EventCountry "AUS"]
[TimeControl "5400+30"]

1. e4 e5 2. Nf3 Nc6 3. Bb5 a6 4. Ba4 Nf6 5. d3 d6 6. O-O b5 7. Bb3 Na5 8. c3
Nxb3 9. axb3 Bb7 10. Re1 Be7 11. Nbd2 O-O 12. Nf1 Qd7 13. h3 c5 14. Ng3 Rfc8
15. Qe2 Bf8 16. Bg5 Qe6 17. Rad1 Nd7 18. Nh2 d5 19. Ng4 d4 20. c4 b4 21. Nf5 a5
22. h4 h5 23. Nh2 g6 24. Ng3 a4 25. bxa4 Rxa4 26. Rf1 Be7 27. f4 exf4 28. Bxf4
Bxh4 29. Nxh5 gxh5 30. Qxh5 Bf6 31. Ng4 Kf8 32. Nxf6 Nxf6 33. Qh6+ Ke8 34. Bg5
Ng4 35. Qh8+ Kd7 36. Qg7 Qe5 37. Qxf7+ Kc6 38. Bf4 Qe8 39. Qg7 Qg8 40. Qe7 Kb6
41. Ra1 Ne3 42. g3 Rxa1 43. Rxa1 Rc6 44. Ra4 Qc8 45. Rxb4+ cxb4 46. Qxb4+ Ka7
47. Bd6 Ra6 48. Bc5+ Ka8 49. Bxd4 Nc2 50. Qe7 Nxd4 51. Kf2 Nc6 52. Qg7 Qh3 53.
Ke3 Nb8 54. Qc7 Qh6+ 55. Ke2 Ra2 56. Kf3 Qf6+ 57. Ke3 Qxb2 58. Kf4 Qd2+ 59. Kf5
Qxd3 60. Kg5 Qxe4 61. c5 Qd5+ 62. Kg4 Ra4+ 0-1

[Event "2024 Perth Chess Club Championship (Reserves)"]
[Site "Woodvale, Perth WA AUS"]
[Date "2024.05.15"]
[Round "6"]
[White "Rafiei Darani, Daryoush"]
[Black "Akers, Gerard"]
[Result "1-0"]
[ECO "B21"]
[WhiteElo "1742"]
[BlackElo "1642"]
[PlyCount "77"]
[EventDate "2024.04.10"]
[EventType "swiss"]
[EventRounds "7"]
[EventCountry "AUS"]
[TimeControl "3600+30"]

1. e4 c5 2. d4 cxd4 3. c3 d3 4. Bxd3 e5 5. Nf3 d6 6. h3 Be7 7. O-O h6 8. c4 Nf6
9. Nc3 O-O 10. Nd5 Nxd5 11. cxd5 Nd7 12. Be3 Nb6 13. g4 h5 14. Nd2 hxg4 15.
hxg4 Bg5 16. Qf3 Bxe3 17. Qxe3 Bxg4 18. f4 Qh4 19. f5 f6 20. Rf2 Kf7 21. Rh2
Qg5 22. Qxg5 fxg5 23. Rg2 Bh5 24. Rxg5 Rh8 25. Kf2 Rh6 26. Rag1 g6 27. b3 Rc8
28. Nc4 Nxc4 29. Bxc4 b5 30. Bd3 a6 31. Ke3 Rhh8 32. Kd2 Rc7 33. Rh1 Kf6 34.
Rxg6+ Bxg6 35. Rxh8 Rh7 36. Rxh7 Bxh7 37. Kc3 Bg8 38. Kb4 Bf7 39. Ka5 1-0

[Event "2024 Perth Chess Club Championship (Reserves)"]
[Site "Woodvale, Perth WA AUS"]
[Date "2024.05.15"]
[Round "6"]
[White "Weijermars, Tristan"]
[Black "Otis, Max"]
[Result "0-1"]
[ECO "B15"]
[WhiteElo "1514"]
[BlackElo "1348"]
[PlyCount "58"]
[EventDate "2024.04.10"]
[EventType "swiss"]
[EventRounds "7"]
[EventCountry "AUS"]
[TimeControl "3600+30"]

1. Nc3 d5 2. e4 c6 3. Nf3 dxe4 4. Nxe4 Nf6 5. Nxf6+ exf6 6. d4 Bd6 7. Bd3 O-O
8. O-O Re8 9. Bd2 Nd7 10. c3 Nf8 11. Qc2 Bg4 12. Nh4 Qc7 13. h3 Be6 14. Nf5 Bf4
15. Rae1 Bxd2 16. Qxd2 Bxa2 17. Qd1 Be6 18. Ng3 a5 19. Re3 a4 20. Rfe1 Bb3 21.
Qg4 Re6 22. Nf5 g6 23. Ng3 Rae8 24. Rxe6 Rxe6 25. Rxe6 Nxe6 26. h4 Qf4 27. Qxf4
Nxf4 28. Bb1 Bc4 29. Ne4 Bd3 0-1

[Event "2024 Perth Chess Club Championship (Reserves)"]
[Site "Woodvale, Perth WA AUS"]
[Date "2024.05.15"]
[Round "6"]
[White "Sethuraman, Jaswanth Ram"]
[Black "Gough, Dylan"]
[Result "0-1"]
[ECO "C02"]
[WhiteElo "1557"]
[BlackElo "1784"]
[PlyCount "68"]
[EventDate "2024.04.10"]
[EventType "swiss"]
[EventRounds "7"]
[EventCountry "AUS"]
[TimeControl "3600+30"]

1. e4 e6 2. d4 d5 3. e5 c5 4. Nf3 Nc6 5. Bb5 Bd7 6. Bxc6 Bxc6 7. c3 cxd4 8.
cxd4 Bb4+ 9. Bd2 Qb6 10. Nc3 Ne7 11. a3 Bxc3 12. Bxc3 Bb5 13. Qd2 O-O 14. Bb4
Rfe8 15. Qg5 Ng6 16. Bc5 Qd8 17. Qg3 b6 18. Bd6 Rc8 19. a4 Bd3 20. Rd1 Ba6 21.
Qg4 f5 22. Qg5 Qxg5 23. Nxg5 Nf4 24. g3 Nd3+ 25. Kf1 Nxb2+ 26. Kg2 Nxd1 27.
Rxd1 h6 28. Nf3 Be2 29. Rb1 Bxf3+ 30. Kxf3 Rc3+ 31. Ke2 Rec8 32. Kd2 Rc2+ 33.
Ke3 R8c3+ 34. Kf4 g5# 0-1

[Event "2024 Perth Chess Club Championship (Reserves)"]
[Site "Woodvale, Perth WA AUS"]
[Date "2024.05.15"]
[Round "6"]
[White "Knight, Charles"]
[Black "De Yaak, Peter"]
[Result "0-1"]
[ECO "B21"]
[WhiteElo "1474"]
[BlackElo "1896"]
[PlyCount "79"]
[EventDate "2024.04.10"]
[EventType "swiss"]
[EventRounds "7"]
[EventCountry "AUS"]
[TimeControl "3600+30"]

1. e4 c5 2. d4 cxd4 3. c3 dxc3 4. Nxc3 Nc6 5. Nf3 e5 6. Bc4 h6 7. O-O Nf6 8.
Qb3 Qe7 9. Nd5 Nxd5 10. Bxd5 g6 11. Rd1 Bg7 12. Be3 O-O 13. Rac1 b6 14. Bxc6
dxc6 15. Rxc6 Be6 16. Qc3 Rfc8 17. h3 Rxc6 18. Qxc6 Rc8 19. Qd6 Qxd6 20. Rxd6
Bxa2 21. Rd7 Rc2 22. Rxa7 Rxb2 23. Bxb6 Bb1 24. Bc7 f6 25. Bd6 Bxe4 26. Nxe5
Rb1+ 27. Kh2 fxe5 28. Re7 Rb7 29. Rxb7 Bxb7 30. f3 Kf7 31. Kg3 Ke6 32. Bb8 e4
33. fxe4 Be5+ 34. Bxe5 Kxe5 35. Kf2 Bxe4 36. g3 Kd4 37. g4 Bd5 38. Kg3 Ke3 39.
h4 Ke4 40. Kg2 0-1

[Event "2024 Perth Chess Club Championship (Reserves)"]
[Site "Woodvale, Perth WA AUS"]
[Date "2024.05.15"]
[Round "6"]
[White "Browning, Thomas"]
[Black "Roebuck, Derek"]
[Result "1/2-1/2"]
[ECO "D15"]
[WhiteElo "1644"]
[BlackElo "1781"]
[PlyCount "32"]
[EventDate "2024.04.10"]
[EventType "swiss"]
[EventRounds "7"]
[EventCountry "AUS"]
[TimeControl "3600+30"]

1. d4 d5 2. c4 c6 3. Nf3 Nf6 4. Nc3 dxc4 5. e4 b5 6. a4 b4 7. e5 bxc3 8. exf6
cxb2 9. Bxb2 exf6 10. Bc3 Ba6 11. Be2 Bd6 12. h4 O-O 13. h5 Nd7 14. Nh4 Nb6 15.
O-O Nd5 16. Rc1 Rb8 1/2-1/2